 Dungeon Crawl Stone Soup version 0.26.1-11-gd32895ea62 (webtiles) character file.

Game seed: 15199277301992145643

18 Zeld the Sneak (level 2, -1/19 HPs)
             Began as an Octopode Brigand on May 13, 2021.
             Slain by a gnoll
             ... wielding a +0 spear
              (12 damage)
             ... on level 1 of the Dungeon.
             The game lasted 00:00:50 (375 turns).

Zeld the Sneak (Octopode Brigand)                    Turns: 375, Time: 00:00:51

Health: -1/19      AC:  1    Str: 10    XL:     2   Next: 70%
Magic:  2/2        EV: 13    Int: 13    God:
Gold:   27         SH:  0    Dex: 13    Spells: 1/1 levels left

rFire    . . .     SeeInvis .   a - +2 dagger
rCold    . . .     Faith    .   (no shield)
rNeg     . . .     Spirit   .   (helmet restricted)
rPois    .         Reflect  .   (no amulet)
rElec    .         Harm     .   (no ring)
rCorr    .         Rampage  .   (no ring)
Will     .....                  (no ring)
Stlth    ++++......             (no ring)
HPRegen  0.06/turn              (no ring)
MPRegen  0.08/turn              (no ring)
                                (no ring)
                                (no ring)

@: no status effects
A: almost no armour, stealthy swim, amphibious, 8 rings, constrict 8, camouflage
1, gelatinous body 1
a: no special abilities


You were on level 1 of the Dungeon.
You visited 1 branch of the dungeon, and saw 1 of its levels.

You collected 27 gold pieces.

Inventory:

Hand Weapons
 a - a +2 dagger (weapon)
Missiles
 b - 8 poisoned darts (quivered)
 c - 2 curare-tipped darts
Scrolls
 e - 3 scrolls of identify {unknown}
 f - a scroll of fog {unknown}
 g - a scroll of teleportation {unknown}
Potions
 d - a potion of haste {unknown}


   Skills:
 - Level 2.0 Fighting
 * Level 3.2 Short Blades
 - Level 2.0 Throwing
 - Level 1.0 Dodging
 - Level 5.3 Stealth


You had one spell level left.
You didn't know any spells.
Your spell library was empty.

Dungeon Overview and Level Annotations

Branches:
Dungeon (1/15)

Altars:


Innate Abilities, Weirdness & Mutations

You cannot wear most types of armour.
You are very stealthy in the water. (Stealth+)
You are amphibious.
You can wear up to eight rings at the same time.
You can use your tentacles to constrict eight enemies at once.
Your skin changes colour to match your surroundings (Stealth+).
Your rubbery body absorbs attacks. (AC +1, EV +1)


Message History

You hit the hobgoblin.
You kill the hobgoblin!
The gnoll barely misses you. The hobgoblin barely misses you.
The gnoll hits you from afar with a +0 spear!
You see here a hobgoblin corpse.
You hit the hobgoblin but do no damage. You grab the hobgoblin.
You constrict the hobgoblin, but do no damage.
The hobgoblin closely misses you. The gnoll barely misses you.
You hit the leopard gecko but do no damage.
You grab the leopard gecko. You constrict the hobgoblin.
You constrict the leopard gecko, but do no damage.
The leopard gecko misses you.
You hit the hobgoblin but do no damage.
The hobgoblin is moderately wounded.
You constrict the hobgoblin. You constrict the leopard gecko.
The leopard gecko barely misses you.
The gnoll hits you from afar with a +0 spear!
Ouch! That really hurt!
You die...

#.......# ##.....######
. ##..........# .##
#............ ...
#............ #.##
####.....(......
####...##...............
........^.......†.......
#......@......##........
.......lg......#........
........g......#........
..$.....r......#.#.....#
...............#.######.
...............#. ....
#............... ....
##.....#.....### #. #.


You could see a gnoll, a leopard gecko, a hobgoblin and a rat.

Vanquished Creatures
  3 bats (D:1)
  3 goblins (D:1)
  4 hobgoblins (D:1)
  3 jackals (D:1)
  A frilled lizard (D:1)
  A rat (D:1)
15 creatures vanquished.

Notes
Turn   | Place    | Note
-------+----------+-------------------------------------------
     0 | D:1      | Zeld the Octopode Brigand began the quest for the Orb.
     0 | D:1      | Reached XP level 1. HP: 14/14 MP: 1/1
    41 | D:1      | Reached XP level 2. HP: 17/19 MP: 2/2
   375 | D:1      | Slain by a gnoll

Illustrated notes

Levels and vault maps discovered:
D:1:      lightli_arrival_flooded_house, layout_rooms

Skill      XL: |  1  2 |
---------------+-------+-----
Short Blades   | 3 |  3.2
Fighting       | |  2.0
Throwing       | |  2.0
Dodging        | |  1.0
Stealth        | |  5.3

Action                   || total
-------------------------++-------
Melee: Dagger            ||    30
       Tentacles         ||     6
       Constrict         ||    10
 Stab: Sleeping          ||     1
Armor: Skin              ||     4
Dodge: Dodged            ||    22
